 Dungeon Crawl Stone Soup version 0.21.1-1-g345015f (webtiles) character file.

140 prawnwizard the Skirmisher (level 5, 0/34 HPs)
             Began as a Gargoyle Berserker on June 25, 2018.
             Was a Believer of Trog.
             Slain by a jackal (1 damage)
             ... on level 2 of the Dungeon.
             The game lasted 00:06:48 (2103 turns).

prawnwizard the Skirmisher (Gargoyle Berserker)     Turns: 2103, Time: 00:06:49

Health: 0/34       AC: 10    Str: 22    XL:     5   Next: 23%
Magic:  5/5        EV: 10    Int:  7    God:    Trog [**....]
Gold:   57         SH:  0    Dex: 11    Spells: 4/4 levels left

rFire    . . .     SeeInvis .   m - +0 morningstar
rCold    . . .     Gourm    .   (no shield)
rNeg     + . .     Faith    .   g - +0 scale mail
rPois    ∞         Spirit   .   (no helmet)
rElec    +         Reflect  .   (no cloak)
rCorr    .         Harm     .   (no gloves)
MR       .....                  (no boots)
Stlth    ..........             (no amulet)
HPRegen  0.11/turn              k - +2 ring of dexterity
MPRegen  0.09/turn              (no ring)

@: berserk cooldown, slowed, very slow
A: negative energy resistance 1, electricity resistance, unbreathing,
petrification resistance, rot immunity, AC +4
a: Berserk, Trog's Hand, Burn Spellbooks, Renounce Religion


You were on level 2 of the Dungeon.
You worshipped Trog.
Trog was pleased with you.
You were near starving.

You visited 1 branch of the dungeon, and saw 2 of its levels.

You collected 57 gold pieces.

Inventory:

Hand Weapons
 m - a +0 morningstar (weapon)
Armour
 g - a +0 scale mail (worn)
Jewellery
 k - a +2 ring of dexterity (left hand)
Wands
 l - a wand of flame (18)
Scrolls
 d - 2 scrolls of teleportation {unknown}
 e - 3 scrolls of identify {unknown}
 i - 4 scrolls of blinking {unknown}
Potions
 b - a potion of haste {unknown}
 f - 3 potions of brilliance {unknown}
 h - a potion of heal wounds {unknown}
Comestibles
 a - 3 chunks of flesh
 c - 2 rations


   Skills:
 + Level 4.3 Fighting
 + Level 4.2 Maces & Flails
 + Level 3.0 Armour
 + Level 2.2 Dodging
 + Level 0.1 Stealth


You had 4 spell levels left.
You didn't know any spells.

Dungeon Overview and Level Annotations

Branches:
Dungeon (2/15)

Altars:

Annotations:
D:2 Robin


Innate Abilities, Weirdness & Mutations

You are resistant to torment.
Your stone body is resilient. (AC +4)
You are immune to poison.
You resist negative energy. (rN+)
You are resistant to electric shocks. (rElec)
You can survive without breathing.
You are immune to petrification.
You are immune to rotting.


Message History

The goblin hits you but does no damage. The jackal bites you.
* * * LOW HITPOINT WARNING * * *
The goblin hits you but does no damage. The rat bites you but does no damage.
You sock the goblin!
You kill the goblin!
Trog accepts your kill.
The jackal bites you but does no damage. x2
The goblin hits you but does no damage. The jackal closely misses you.
The rat bites you but does no damage.
The jackal bites you but does no damage.
The goblin hits you but does no damage.
The jackal bites you but does no damage.
The rat bites you but does no damage.
You barely miss the goblin. The jackal barely misses you.
The jackal closely misses you. The goblin barely misses you.
The jackal bites you but does no damage.
The rat bites you but does no damage. The jackal barely misses you.
The goblin hits you but does no damage. The jackal barely misses you.
The rat bites you but does no damage. The jackal bites you.
You die...

... .. #.## #..# .#
###.##..# .#
#.......######.####
#.)g.........
##hrh....#
#)@.....# #.g.....#
#.......###
#........... .
#...(...####
..######..........
................##
........###.##..#
........# #.##..#


You could see Robin, 2 jackals, a goblin and a rat.

Vanquished Creatures
  Jessica (D:2)
  3 adders (D:2)
  An ooze (D:1)
  3 worms (D:2)
  A dart slug (D:1)
  4 leopard geckos
  4 bats
  2 giant cockroaches (D:1)
  12 goblins
  14 hobgoblins
  7 jackals (D:2)
  4 kobolds
  3 frilled lizards (D:1)
  2 rats (D:1)
61 creatures vanquished.

Notes
Turn   | Place    | Note
-------+----------+-------------------------------------------
     0 | D:1      | prawnwizard the Gargoyle Berserker began the quest for the Orb.
     0 | D:1      | Reached XP level 1. HP: 14/14 MP: 1/1
    77 | D:1      | Reached XP level 2. HP: 12/19 MP: 2/2
   432 | D:1      | Reached XP level 3. HP: 23/24 MP: 3/3
   540 | D:1      | Reached ** piety under Trog
   888 | D:2      | Noticed Jessica
   896 | D:2      | Killed Jessica
   896 | D:2      | Reached XP level 4. HP: 9/29 MP: 4/4
  2062 | D:2      | Noticed Robin
  2066 | D:2      | Reached XP level 5. HP: 28/33 MP: 5/5
  2097 | D:2      | HP: 1/34 [goblin[Robin] (5)]
  2103 | D:2      | Slain by a jackal

Skill      XL: |  1  2  3  4  5 |
---------------+----------------+-----
Dodging        | 2 |  2.2
Maces & Flails | 4 |  4.2
Fighting       | 4 |  4.3
Armour         | 3 |  3.0
Stealth        | |  0.1

Action                   |  1- 3 |  4- 6 || total
-------------------------+-------+-------++-------
Melee: Mace              |   138 |    56 ||   194
       Morningstar       |       |    50 ||    50
Invok: Berserk           |       |     1 ||     1
       Trog's Hand       |       |     1 ||     1
  Eat: Chunk             |       |     4 ||     4
Armor: Scale mail        |    86 |   119 ||   205
Dodge: Dodged            |    91 |   128 ||   219
